 Dungeon Crawl Stone Soup version 0.21.1-1-g345015f (webtiles) character file.

102 Shenanicrawl the Chiller (level 4, -1/34 HPs)
             Began as a Merfolk Ice Elementalist on Feb 20, 2018.
             Killed from afar by an orc wizard (6 damage)
             ... with a magic dart
             ... on level 3 of the Dungeon.
             The game lasted 00:10:58 (2271 turns).

Shenanicrawl the Chiller (Merfolk Ice Elementalist) Turns: 2271, Time: 00:10:59

Health: -1/34      AC:  2    Str:  8    XL:     4   Next: 77%
Magic:  5/7        EV: 14    Int: 14    God:
Gold:   70         SH:  0    Dex: 15    Spells: 1/7 levels left

rFire    . . .     SeeInvis .   l - +0 spear
rCold    . . .     Gourm    .   (no shield)
rNeg     . . .     Faith    .   a - +0 robe
rPois    .         Spirit   .   (no helmet)
rElec    .         Reflect  .   (no cloak)
rCorr    .         Harm     .   (no gloves)
MR       .....                  (no boots)
Stlth    ++........             (no amulet)
HPRegen  0.11/turn              (no ring)
MPRegen  0.10/turn              (no ring)

@: no status effects
A: change form in water, swift swim, stealthy swim
a: no special abilities


You were on level 3 of the Dungeon.
You were not hungry.

You visited 1 branch of the dungeon, and saw 3 of its levels.

You collected 70 gold pieces.

Inventory:

Hand Weapons
 d - a +0 mace
 l - a +0 spear (weapon)
Armour
 a - a +0 robe (worn)
Jewellery
 j - a cursed ring of loudness {unknown}
Scrolls
 f - 5 scrolls of teleportation {unknown}
 g - a scroll of noise {unknown}
 h - 2 scrolls of blinking {unknown}
 m - a scroll of remove curse {unknown}
 o - 2 scrolls of identify {unknown}
Potions
 e - 3 potions of curing {unknown}
 i - a potion of brilliance {unknown}
 k - a potion of invisibility {unknown}
 n - 2 potions of might {unknown}
 p - a potion of mutation {unknown}
 r - a potion of magic {unknown}
 s - a potion of ambrosia {unknown}
Books
 b - a book of Frost

   Spells                             Type                      Level
   a - Freeze                         Ice                          1
   b - Throw Frost                    Conjuration/Ice              2
   c - Ozocubu's Armour               Charms/Ice                   3
   d - Throw Icicle                   Conjuration/Ice              4
   e - Summon Ice Beast               Ice/Summoning                4
Comestibles
 c - 4 rations


   Skills:
 * Level 2.5 Fighting
 * Level 2.2 Polearms
 + Level 3.5 Dodging
 + Level 3.0 Stealth
 - Level 2.0 Spellcasting
 - Level 0.7 Conjurations
 + Level 0.1 Charms
 + Level 3.7 Ice Magic


You had one spell level left.
You knew the following spells:

 Your Spells              Type           Power        Failure   Level  Hunger
a - Freeze                Ice            ##..         4%          1    ##.....
b - Throw Frost           Conj/Ice       #.....       14%         2    ###....
c - Ozocubu's Armour      Chrm/Ice       #.......     32%         3    ####...


Dungeon Overview and Level Annotations

Branches:
Dungeon (3/15)

Altars:


Message History

Casting: Freeze
Confirm with . or Enter, or press ? or * to list all spells.
Aiming: Freeze
Press: ? - help, Shift-Dir - straight line You freeze something.
You hear some strange, mumbled words.
A magic dart appears from out of thin air!
The magic dart hits you!
You barely miss something.
You hear some strange, mumbled words.
A magic dart appears from out of thin air!
The magic dart hits you!
* * * LOW HITPOINT WARNING * * *
The orc misses you. Something hits you.
* * * LOW HITPOINT WARNING * * *
Something hits you.
* * * LOW HITPOINT WARNING * * *
A magic dart appears from out of thin air!
The magic dart hits you!
You die...

####.>.##
######.......#
#..@....#....#
#..###.....l.#
#.####..#....###
#.##...........
#o##.#..#..#.#
#>.#.#)......##.#
#..†.†...........
####.####..####.#
#######.# #.o...


There were no monsters in sight!

Vanquished Creatures
  4 adders (D:2)
  An ooze (D:1)
  2 dart slugs (D:1)
  A leopard gecko (D:1)
  2 orcs (D:3)
  2 ball pythons
  10 bats
  2 giant cockroaches (D:1)
  8 goblins
  4 hobgoblins
  4 jackals (D:2)
  A quokka (D:3)
  3 frilled lizards
  3 kobolds
  3 rats
50 creatures vanquished.

Notes
Turn   | Place    | Note
-------+----------+-------------------------------------------
     0 | D:1      | Shenanicrawl the Merfolk Ice Elementalist began the quest for the Orb.
     0 | D:1      | Reached XP level 1. HP: 13/13 MP: 3/3
    67 | D:1      | Reached skill level 1 in Fighting
    67 | D:1      | Reached XP level 2. HP: 21/21 MP: 1/5
   453 | D:1      | Reached XP level 3. HP: 13/26 MP: 2/6
  1319 | D:2      | Reached skill level 1 in Polearms
  1341 | D:2      | HP: 1/27 [poisoned by an adder]
  1687 | D:2      | Reached XP level 4. HP: 33/33 MP: 4/7
  1693 | D:2      | Learned a level 2 spell: Throw Frost
  1697 | D:2      | Learned a level 3 spell: Ozocubu's Armour
  2271 | D:3      | Killed from afar by an orc wizard

Skill      XL: |  1  2  3  4 |
---------------+-------------+-----
Fighting       | 1 2 |  2.5
Dodging        | 3 |  3.5
Polearms       | 1 2 |  2.2
Stealth        | 3 |  3.0
Spellcasting   | |  2.0
Conjurations   | |  0.7
Charms         | |  0.1
Ice Magic      | |  3.7

Action                   |  1- 3 |  4- 6 || total
-------------------------+-------+-------++-------
Melee: Unarmed           |     7 |       ||     7
       Mace              |    28 |       ||    28
       Spear             |    63 |    69 ||   132
 Cast: Freeze            |    24 |     9 ||    33
       Throw Frost       |       |     2 ||     2
 Stab: Sleeping          |     6 |       ||     6
  Eat: Ration            |     1 |     1 ||     2
Armor: Robe              |    31 |     4 ||    35
Dodge: Dodged            |   103 |    43 ||   146
